 Dungeon Crawl Stone Soup version 0.17-a0-1596-g1e86911 (webtiles) character file.

2751 wvc the Basher (level 9, -6/63 HPs)
             Began as a Mummy Wanderer on July 31, 2015.
             Was a Priest of Kikubaaqudgha.
             Mangled by a warg (10 damage)
             ... on level 8 of the Dungeon.
             The game lasted 00:21:51 (7716 turns).

wvc the Basher (Mummy Wanderer)                     Turns: 7716, Time: 00:21:51

Health: -6/63      AC: 10    Str: 23    XL:     9   Next: 41%
Magic:  9/9        EV: 11    Int: 15    God:    Kikubaaqudgha [***...]
Gold:   448        SH:  0    Dex: 13    Spells: 2 memorised, 2 levels left

rFire  x . .     SeeInvis .     m - +2 quarterstaff (chaos)
rCold  + . .     Clarity  .     s - +0 ring mail
rNeg   + + +     SustAt   .     (no shield)
rPois  ∞         Gourm    .     v - +2 helmet
rElec  .         Spirit   .     n - +1 cloak
rCorr  +         Warding  .     (no gloves)
rMut   .         Stasis   .     (no boots)
MR     +....                    h - amulet of resist corrosion
Stlth  +++.......               (no ring)
                                (no ring)

@: about to teleport, especially stealthy, immense fortitude, cleaving, somewhat
resistant to hostile enchantments, fairly stealthy
A: no food or potions, fire vulnerability, cold resistance 1, negative energy
resistance 3, torment resistance, unbreathing
a: Receive Corpses, Renounce Religion


You were on level 8 of the Dungeon.
You worshipped Kikubaaqudgha.
Kikubaaqudgha was most pleased with you.
You were not hungry.

You visited 1 branch of the dungeon, and saw 8 of its levels.
You also visited: Sewer.

You collected 448 gold pieces.

Inventory:

Hand weapons
 m - a +2 quarterstaff of chaos (weapon)
 w - a +0 morningstar of crushing
 x - a +2 dire flail
Missiles
 c - 6 javelins (quivered)
Armour
 n - a +1 cloak (worn)
 o - a +0 shield
 s - a +0 ring mail (worn)
 v - a +2 helmet (worn)
Magical staves
 i - an uncursed staff of earth
Jewellery
 h - an amulet of resist corrosion (around neck)
Magical devices
 l - a wand of fireball (0)
 q - a wand of fireball (9)
Scrolls
 a - a scroll of enchant weapon
 b - a scroll of identify
 d - 5 scrolls of teleportation
 j - 4 scrolls of amnesia
 k - 4 scrolls of remove curse
 y - a scroll of immolation
Books
 e - Kikubaaqudgha's Collected Works on Dark Arts
   (Kikubaaqudgha gifted it to you on level 3 of the Dungeon)

   Spells                             Type                      Level
   a - Animate Skeleton               Necromancy                   1
   b - Pain                           Necromancy                   1
   c - Corpse Rot                     Necromancy                   2
   d - Vampiric Draining              Necromancy                   3
   e - Control Undead                 Necromancy                   4
 r - a book of Dreams

   Spells                             Type                      Level
   a - Ensorcelled Hibernation        Hexes/Ice                    2
   b - Phase Shift                    Translocation                5
   c - Shadow Creatures               Summoning                    5
   d - Silence                        Hexes/Air                    5
   e - Darkness                       Hexes                        6
   f - Mass Confusion                 Hexes                        6
 u - Kikubaaqudgha's Volume of Black Secrets
   (Kikubaaqudgha gifted it to you in a sewer)

   Spells                             Type                      Level
   a - Excruciating Wounds            Charms/Necromancy            5
   b - Cigotuvi's Embrace             Necromancy                   5
   c - Dispel Undead                  Necromancy                   5
   d - Simulacrum                     Ice/Necromancy               6
   e - Death Channel                  Necromancy                   6
Miscellaneous
 f - a legendary deck of defence {drawn: 6}
 g - a plain deck of defence {drawn: 6}


   Skills:
 - Level 3.0 Fighting
   Level 1.5(5.9) Axes
 * Level 9.0(9.1) Maces & Flails
 - Level 1.0 Throwing
 - Level 2.3 Armour
 - Level 1.0 Dodging
 - Level 1.0 Stealth
 - Level 1.0 Unarmed Combat
 - Level 6.2 Necromancy
 - Level 1.2 Evocations


You had 2 spell levels left.
You knew the following spells:

 Your Spells              Type           Power        Failure   Level  Hunger
a - Animate Skeleton      Necr           N/A          3%          1    N/A
b - Phase Shift           Tloc           #.........   100%        5    N/A

Dungeon Overview and Level Annotations

Branches:
Dungeon (8/15)             Temple (0/1) D:5
   Lair: D:8-11

Altars:
Ashenzari
Elyvilon
Kikubaaqudgha
Nemelex Xobeh
Ru
Sif Muna
Xom
Zin
The Shining One

Annotations:
D:4 exclusion: door


Innate Abilities, Weirdness & Mutations

You do not eat or drink.
Your flesh is vulnerable to fire.
You are immune to poison.
Your flesh is cold resistant.
You are immune to negative energy.
You are immune to unholy pain and torment.
You can survive without breathing.


Message History

* * * LOW HITPOINT WARNING * * *
Evoke which item? (* to show all) (? for menu, Esc to quit)
You draw a card...
It is Fortitude.
You are filled with a great fortitude.
The warg misses you.
You see here a halberd.
The warg barely misses you.
Items here: ( )) † a flail; an uncursed shortbow; 19 arrows; a gnoll corpse An orc priest comes into view.
It is wielding a hand axe.
The orc priest moves out of view.
You see here an arrow.
Evoke which item? (* to show all) (? for menu, Esc to quit)
You draw a card...
It is the Tomb.
Walls emerge from the floor!
The warg bites you. x2
Read which item? (? for menu, Esc to quit)
As you read the scroll of teleportation, it crumbles to dust.
You feel strangely unstable. The warg bites you!
You die...
Kikubaaqudgha rasps: "You have failed me!
Welcome... oblivion!"

#. ###...#.....#
##.$##.......##### #######
#.........##.# ##......
......).##h###.# ####.......
.......###g# #.###..#.......
>...... #g# #.##...........
#..a..# #o# #.##....<......
..#......#h###......#.......
.#..## #..#@#...##.##.......
..# ######...##.##.......
...###.............. #..###
#.(.....%...... #..#
#...%...####### #.#
##.>.....# #. ##.......## .
.......<## #...<.#.#


You could see 2 wargs, 2 gnolls and an orc.

Vanquished Creatures
  The ghost of CipHuK the Infuser, an experienced DECj of Vehumet (D:6)
  Sigmund (D:4)
  3 ice beasts
  2 black bears (D:7)
  2 ogres (D:7)
  A necrophage (D:6)
  3 centaurs
  3 giant frogs
  2 scorpions
  A wight (D:6)
  3 crimson imps
  3 giant frog skeletons
  A hound (D:6)
  2 centaur zombies (D:7)
  3 orc priests
  A jelly (D:6)
  Crazy Yiuf (D:4)
  3 orc wizards
  A gnoll shaman (D:7)
  5 worker ants
  A hound skeleton (D:5)
  8 gnolls
  13 adders
  A shadow imp (D:7)
  An adder skeleton (D:4)
  An ooze (D:4)
  3 worms (D:2)
  5 giant geckos
  20 orcs
  6 bats
  13 goblins
  8 hobgoblins
  4 jackals
  5 quokkas
  3 ball pythons
  15 giant cockroaches
  A giant gecko skeleton (D:7)
  13 giant newts
  3 jackal skeletons
  5 kobolds
  2 quokka skeletons
  A quokka zombie (D:5)
  11 rats
185 creatures vanquished.

Vanquished Creatures (collateral kills)
  A giant frog (D:6)
  A giant gecko (Sewer)
  An orc (D:6)
  A giant newt (Sewer)
4 creatures vanquished.

Vanquished Creatures (others)
  A centaur (D:6)
  A giant frog (D:6)
  A scorpion (D:6)
  2 orc wizards (D:6)
  An orc priest (D:6)
  An adder (D:6)
7 creatures vanquished.

Grand Total: 196 creatures vanquished

Notes
Turn   | Place    | Note
--------------------------------------------------------------
     0 | D:1      | wvc the Mummy Wanderer began the quest for the Orb.
     0 | D:1      | wvc set off with: a +2 scale mail, a +0 hand crossbow, 26 bolts, a scroll of teleportation
     0 | D:1      | Reached XP level 1. HP: 18/18 MP: 1/1
    90 | D:1      | Found a glowing golden altar of the Shining One.
   306 | D:1      | Reached XP level 2. HP: 24/24 MP: 2/2
   765 | D:1      | Reached skill level 1 in Maces & Flails
  1131 | D:2      | Reached XP level 3. HP: 29/29 MP: 3/3
  1532 | D:2      | Reached XP level 4. HP: 35/35 MP: 4/4
  1806 | D:3      | Found a faded altar to an unknown god.
  1851 | D:3      | Reached skill level 1 in Dodging
  1868 | D:3      | Became a worshipper of Kikubaaqudgha
  1868 | D:3      | Acquired Kikubaaqudgha's first power
  1868 | D:3      | Received a gift from Kikubaaqudgha
  1869 | D:3      | Identified Kikubaaqudgha's Collected Works on Dark Arts (Kikubaaqudgha gifted it to you on level 3 of the Dungeon)
  1872 | D:3      | Learned a level 1 spell: Animate Skeleton
  2148 | D:3      | Reached skill level 1 in Necromancy
  2357 | D:3      | Found a white marble altar of Elyvilon.
  2616 | D:4      | Reached XP level 5. HP: 23/41 MP: 5/5
  2864 | D:4      | Found a deep blue altar of Sif Muna.
  2994 | D:4      | Noticed Crazy Yiuf
  3004 | D:4      | Killed Crazy Yiuf
  3054 | D:4      | Noticed Sigmund
  3089 | D:4      | Killed Sigmund
  3089 | D:4      | Reached XP level 6. HP: 13/47 MP: 6/6
  3482 | D:4      | Reached skill level 4 in Maces & Flails
  3537 | D:4      | Acquired Kikubaaqudgha's second power
  3783 | D:5      | Entered Level 5 of the Dungeon
  3796 | D:4      | Reached XP level 7. HP: 28/52 MP: 7/7
  3947 | D:5      | Reached skill level 1 in Evocations
  4233 | D:5      | Reached skill level 5 in Maces & Flails
  4362 | D:5      | Learned a level 5 spell: Phase Shift
  4861 | D:5      | Found a staircase to the Ecumenical Temple.
  5008 | D:6      | Found a shattered altar of Ashenzari.
  5034 | D:6      | Reached XP level 8. HP: 36/58 MP: 8/8
  5097 | D:6      | Found a glowing drain.
  5127 | Sewer    | Entered a sewer
  5438 | Sewer    | Reached skill level 6 in Maces & Flails
  5438 | Sewer    | Reached skill level 5 in Necromancy
  5450 | Sewer    | Received a gift from Kikubaaqudgha
  5451 | Sewer    | Identified Kikubaaqudgha's Volume of Black Secrets (Kikubaaqudgha gifted it to you in a sewer)
  5813 | D:6      | Found a shimmering altar of Xom.
  6059 | D:6      | Found a glowing silver altar of Zin.
  6124 | D:6      | Found a sparkling altar of Nemelex Xobeh.
  6156 | D:6      | Noticed CipHuK's ghost (experienced DECj)
  6176 | D:6      | Killed CipHuK's ghost
  6176 | D:6      | Reached skill level 7 in Maces & Flails
  6667 | D:7      | Reached XP level 9. HP: 58/63 MP: 9/9
  6751 | D:7      | Reached skill level 8 in Maces & Flails
  7194 | D:7      | Found a sacrificial altar of Ru.
  7666 | D:8      | Reached skill level 9 in Maces & Flails
  7709 | D:8      | HP: 3/63 [warg (3)]
  7716 | D:8      | Mangled by a warg

Vault maps used:
D:1:      roderic_octagonal_star, moated_statue, tso_metal_star
D:3:      lemuel_doored_altar, ecumenical_altar_1, amalloy_card_club
D:4:      led_sif_book, uniq_crazy_yiuf_cottage, uniq_sigmund
D:5:      minmay_temple_entry_mist, first_bread, fountainhead,
          grunt_ministairs_1
D:6:      lemuel_coloured_pillars_altar, evilmike_ruin_ashenzari,
          kennysheep_mini, portal_sewer_entry_b, xom_confusion_cloud
D:7:      kennysheep_little_box, kennysheep_small_square
D:8:      erik_lair_orcish_takeover, nicolae_ossuary_entry_giza
Sewer:    sewer_frog_island_01

Action                   |  1- 3 |  4- 6 |  7- 9 || total
-------------------------+-------+-------+-------++-------
Melee: Flail             |       |   123 |       ||   123
       Quarterstaff      |       |    44 |   342 ||   386
       Dire flail        |       |       |    44 ||    44
 Fire: Hand crossbow     |   115 |    18 |       ||   133
Throw: Javelin           |       |       |     3 ||     3
 Cast: Animate Skeleton  |       |     1 |    18 ||    19
Evoke: Deck              |       |     6 |     6 ||    12
       Wand              |       |     2 |     2 ||     4
  Use: Scroll            |       |     9 |     8 ||    17
 Stab: Paralysed         |       |     2 |     5 ||     7
       Petrifying        |       |       |     2 ||     2
